 Dungeon Crawl Stone Soup version 0.29.1-2-gbd0b4ee654 (webtiles) character file.

Game seed: 4487694978324966062

1407 safid the Skirmisher (level 8, 0/74 HPs)
             Began as a Minotaur Hunter on Nov 30, 2022.
             Slain by an orc warrior
             ... wielding a +0 broad axe
              (14 damage)
             ... on level 6 of the Dungeon.
             The game lasted 00:09:17 (6264 turns).

safid the Skirmisher (Minotaur Hunter)              Turns: 6264, Time: 00:09:17

Health: 0/74       AC:  8    Str: 17    XL:     8   Next: 42%
Magic:  7/7        EV: 10    Int:  6    God:
Gold:   349        SH:  5    Dex: 15    Spells: 7/7 levels left

rFire   . . .      SeeInvis .   a - +0 shortbow
rCold   . . .      Faith    .   (shield currently unavailable)
rNeg    . . .      Spirit   .   h - +0 scale mail
rPois   .          Reflect  +   i - +0 hat
rElec   .          Harm     .   (no cloak)
rCorr   .          Rampage  .   n - +0 pair of gloves
Will    .....                   v - +0 pair of boots
Stlth   ..........              j - amulet of reflection
HPRegen 0.22/turn               (no ring)
MPRegen 0.10/turn               (no ring)

@: no status effects
A: horns 2, retaliatory headbutt
a: no special abilities


You were on level 6 of the Dungeon.
You visited 2 branches of the dungeon, and saw 7 of its levels.

You collected 349 gold pieces.

Inventory:

Hand Weapons
 a - a +0 shortbow (weapon)
Missiles
 d - a throwing net
 y - 6 curare-tipped darts
Armour
 h - a +0 scale mail (worn)
 i - a +0 hat (worn)
 n - a +0 pair of gloves (worn)
 v - a +0 pair of boots (worn)
Jewellery
 j - an amulet of reflection (around neck)
 o - a ring of fire
Scrolls
 b - 2 scrolls of teleportation
 c - a scroll of enchant weapon {unknown}
 p - 2 scrolls of silence
 s - 3 scrolls of blinking
 t - a scroll of magic mapping
 x - a scroll of enchant armour {unknown}
Potions
 e - 2 potions of haste {unknown}
 k - 2 potions of flight {unknown}
 l - a potion of resistance {unknown}
 m - a potion of attraction {unknown}
 q - a potion of might {unknown}
 r - 2 potions of lignification
 u - a potion of heal wounds {unknown}
 w - a potion of brilliance {unknown}
 z - a potion of mutation {unknown}
 A - 2 potions of magic {unknown}


   Skills:
 - Level 8.0 Fighting
 + Level 10.1 Ranged Weapons
 - Level 2.1 Dodging
 - Level 0.7 Stealth


You had 7 spell levels left.
You didn't know any spells.
Your spell library contained the following spells:

 Spells                   Type           Power      Damage    Failure   Level
 Summon Guardian Golem    Hex/Summ       0%         N/A       99%         3
 Orb of Destruction       Conj           0%         9d5       100%        7
 Spellforged Servitor     Conj/Summ      0%         N/A       100%        7


Dungeon Overview and Level Annotations

Branches:
Dungeon (6/15)             Temple (1/1) D:6

Altars:
Ashenzari
Gozag
Makhleb
Nemelex Xobeh
Sif Muna
Trog
Wu Jian
Xom
Yredelemnul
Zin
The Shining One

Shops:
D:3 [

Annotations:
D:5 2 transporters, TheSexyCheese's ghost, novice HOFi


Innate Abilities, Weirdness & Mutations

You have a pair of horns on your head.
You reflexively headbutt those who attack you in melee.


Message History

You are too injured to fight recklessly!
You are too injured to fight recklessly!
You are too injured to fight recklessly!
You are too injured to fight recklessly!
You are too injured to fight recklessly!
You are too injured to fight recklessly!
You are too injured to fight recklessly!
You are too injured to fight recklessly!
You are too injured to fight recklessly!
You are too injured to fight recklessly!
You are too injured to fight recklessly!
You are too injured to fight recklessly!
Fire: a) +0 shortbow
Press: ? - help, Q - select action, (/) - cycle Shift-Dir - straight line, f/p - orc warrior
Aim: an orc warrior, wielding a +0 broad axe and wearing a +0 plate armour (moderately wounded, 68% to hit)
You shoot an arrow. The arrow hits the orc warrior!
The orc warrior is severely wounded.
The orc warrior barely misses you.
Fire: a) +0 shortbow
Press: ? - help, Q - select action, (/) - cycle Shift-Dir - straight line, f/p - orc warrior
Aim: an orc warrior, wielding a +0 broad axe and wearing a +0 plate armour (severely wounded, 68% to hit)
You shoot an arrow. The arrow hits the orc warrior.
The orc warrior is almost dead.
The orc warrior closely misses you.
The orc warrior hits you with a +0 broad axe.
Fire: a) +0 shortbow
Press: ? - help, Q - select action, (/) - cycle Shift-Dir - straight line, f/p - orc warrior
Aim: an orc warrior, wielding a +0 broad axe and wearing a +0 plate armour (almost dead, 68% to hit)
You shoot an arrow.
The arrow closely misses the orc warrior.
The orc warrior hits you with a +0 broad axe!!
* * * LOW HITPOINT WARNING * * *
Fire: a) +0 shortbow
Press: ? - help, Q - select action, (/) - cycle Shift-Dir - straight line, f/p - orc warrior
Aim: an orc warrior, wielding a +0 broad axe and wearing a +0 plate armour (almost dead, 68% to hit)
You shoot an arrow.
The arrow hits the orc warrior but does no damage.
The orc warrior is almost dead.
The orc warrior hits you with a +0 broad axe!
You die...

#.##.# #..#.#
###.#.# #.....#
#.....# #.....###
###.#...######
##o.###...[..#####
#@.## ######.....#
#.## #####.# #.#
#.. #)# ### #.#
######.##
#.......#
#.......#
#.......#


You could see an orc warrior.

Vanquished Creatures
  Sigmund (D:2)
  4 ogres
  A centaur (D:5)
  3 scorpions
  2 hounds
  2 jellies
  3 orc priests
  3 iguanas
  Natasha (thrice) (D:3)
  An orc wizard (D:4)
  4 gnolls (D:5)
  9 adders
  A white imp (D:5)
  A worm (D:3)
  3 dart slugs
  11 orcs
  8 bats
  8 endoplasms
  6 giant cockroaches
  11 goblins
  9 hobgoblins
  12 jackals
  4 quokkas
  8 ball pythons
  5 frilled lizards
  5 kobolds
  7 rats
135 creatures vanquished.

Vanquished Creatures (others)
  7 plants
7 creatures vanquished.

Grand Total: 142 creatures vanquished

Notes
Turn   | Place    | Note
-------+----------+-------------------------------------------
     0 | D:1      | safid the Minotaur Hunter began the quest for the Orb.
     0 | D:1      | Reached XP level 1. HP: 18/18 MP: 0/0
   338 | D:1      | Reached XP level 2. HP: 26/26 MP: 1/1
   656 | D:1      | Reached skill level 5 in Ranged Weapons
   656 | D:1      | Reached XP level 3. HP: 31/31 MP: 2/2
   697 | D:1      | Found a faded altar of an unknown god.
  1105 | D:2      | Found a shimmering altar of Xom.
  1223 | D:2      | Reached XP level 4. HP: 38/40 MP: 3/3
  1360 | D:2      | Noticed Sigmund
  1926 | D:2      | Killed Sigmund
  1927 | D:2      | Reached skill level 5 in Fighting
  1927 | D:2      | Reached skill level 6 in Ranged Weapons
  1927 | D:2      | Reached XP level 5. HP: 39/49 MP: 4/4
  1927 | D:2      | Reached XP level 6. HP: 44/56 MP: 5/5
  2460 | D:3      | Identified the +9 hand axe of Ru's Whim {venom, Fragile rC+
                  | Str+8 Int-3}
  2499 | D:3      | Noticed Natasha
  2518 | D:3      | Killed Natasha
  2634 | D:3      | Noticed Natasha
  2638 | D:3      | Killed Natasha
  2639 | D:3      | Reached skill level 7 in Ranged Weapons
  2774 | D:3      | Noticed Natasha
  2779 | D:3      | Killed Natasha
  2806 | D:3      | Found Morghonor's Armour Shoppe.
  3113 | D:4      | Reached XP level 7. HP: 43/64 MP: 6/6
  3531 | D:4      | Found a bloodstained altar of Trog.
  3948 | D:5      | Entered Level 5 of the Dungeon
  4689 | D:5      | Reached skill level 8 in Ranged Weapons
  4997 | D:5      | Reached XP level 8. HP: 68/74 MP: 7/7
  5016 | D:5      | Reached skill level 9 in Ranged Weapons
  5301 | D:5      | Found a shimmering altar of Xom.
  5365 | D:5      | Found a transporter.
  5372 | D:5      | Found a transporter.
  5376 | D:5      | Noticed TheSexyCheese's ghost (novice HOFi)
  5376 | D:5      | Identified the +10 spear of Ragnarok {venom, Str+6}
  5376 | D:5      | Identified the +4 kite shield of the Untouchables {MP+9
                  | Str+7 Slay-6}
  5882 | D:6      | Found a staircase to the Ecumenical Temple.
  5899 | D:6      | Reached skill level 10 in Ranged Weapons
  5903 | Temple   | Entered the Ecumenical Temple
  6154 | D:6      | Noticed a troll
  6154 | D:6      | Noticed a troll
  6264 | D:6      | Slain by an orc warrior

Illustrated notes

Levels and vault maps discovered:
D:1:      roderic_dead_forest, layout_basic, basic_ecumenical_altar,
          minivault_24, grunt_decor_fettered
D:2:      layout_basic, basic_altar, uniq_sigmund
D:3:      layout_rooms, serial_shops, shop, corexii_shack, dk_noncrumbling_4,
          minmay_misc_feat_diagonals, uniq_natasha
D:4:      layout_basic, trog_butcher_becter
D:5:      layout_rooms, mainiacjoe_overflow_small_starburst,
          gammafunk_ghost_gnarly_gnolls, kennysheep_dice
D:6:      layout_rooms, minmay_temple_entry_statues_pillars,
          lightli_corner_chamber
Temple:   chequers_temple_sunken

Skill      XL: |  1  2  3  4  5  6  7  8 |
---------------+-------------------------+-----
Fighting       | 3 4 5 6 8 |  8.0
Ranged Weapons | 5 6 7 8 10 | 10.1
Dodging        | |  2.1
Stealth        | |  0.7

Action                   |  1- 3 |  4- 6 |  7- 9 || total
-------------------------+-------+-------+-------++-------
 Fire: Shortbow          |   118 |   146 |   179 ||   443
  Use: Potion            |       |       |     1 ||     1
       Scroll            |       |       |     7 ||     7
Armor: Leather armour    |     1 |       |       ||     1
       Scale mail        |     8 |    32 |    30 ||    70
       Skin              |       |       |    27 ||    27
Dodge: Dodged            |    25 |    61 |    72 ||   158
Block: Other             |     2 |    27 |    30 ||    59
       Reflection        |       |       |     2 ||     2
